 Dungeon Crawl Stone Soup version 0.18.1-48-g4cf74bf (webtiles) character file.

92 OTRawrior the Digger (level 4, 0/24 HPs)
             Began as a Gargoyle Earth Elementalist on Aug 14, 2016.
             Slain by an orc
             ... wielding a +0 mace
              (3 damage)
             ... on level 3 of the Dungeon.
             The game lasted 00:04:51 (2395 turns).

OTRawrior the Digger (Gargoyle Earth Elementalist)  Turns: 2395, Time: 00:04:52

Health: 0/24       AC:  5    Str: 11    XL:     4   Next: 60%
Magic:  0/9        EV: 12    Int: 17    God:
Gold:   99         SH:  0    Dex: 10    Spells: 2 memorised, 6 levels left

rFire  . . .     SeeInvis .     b - +0 dagger
rCold  . . .     Gourm    .     a - +0 robe
rNeg   + . .     Faith    .     (no shield)
rPois  ∞         Spirit   .     (no helmet)
rElec  +         Dismiss  .     (no cloak)
rCorr  .         Reflect  .     m - +0 pair of gloves
SustAt .         Harm     .     o - -2 pair of boots (curse)
MR     .....                    (no amulet)
Stlth  ++........               (no ring)
                                (no ring)

@: not resistant to hostile enchantments, unstealthy
A: negative energy resistance 1, electricity resistance, unbreathing,
petrification resistance, rot immunity, AC +3
a: no special abilities


You were on level 3 of the Dungeon.
You were not hungry.

You visited 1 branch of the dungeon, and saw 3 of its levels.

You collected 99 gold pieces.

Inventory:

Hand Weapons
 b - a +0 dagger (weapon)
Armour
 a - a +0 robe (worn)
 m - a +0 pair of gloves (worn)
 o - a cursed -2 pair of boots (worn)
Wands
 k - a wand of acid (5/15)
Scrolls
 e - 2 scrolls of blinking {unknown}
 f - 2 scrolls of recharging {unknown}
 i - 2 scrolls of teleportation {unknown}
 p - 3 scrolls of immolation {unknown}
Potions
 g - a potion of agility {unknown}
 h - a potion of flight {unknown}
 l - a potion of mutation {unknown}
Books
 c - a book of Geomancy

   Spells                             Type                      Level
   a - Sandblast                      Earth                        1
   b - Passwall                       Transmutation/Earth          2
   c - Stone Arrow                    Conjuration/Earth            3
   d - Petrify                        Transmutation/Earth          4
   e - Lee's Rapid Deconstruction     Earth                        5
Comestibles
 d - 3 bread rations
 j - a beef jerky


   Skills:
 - Level 1.5 Dodging
 - Level 2.1 Stealth
 * Level 3.8 Spellcasting
   Level 0.7 Transmutations
 + Level 4.4 Earth Magic


You had 6 spell levels left.
You knew the following spells:

 Your Spells              Type           Power        Failure   Level  Hunger
a - Sandblast             Erth           ###...       2%          1    None
b - Stone Arrow           Conj/Erth      ##....       21%         3    ###....


Dungeon Overview and Level Annotations

Branches:
Dungeon (3/15)

Altars:


Innate Abilities, Weirdness & Mutations

You are resistant to torment.
Your stone body is resilient (AC +3).
You are immune to poison.
You resist negative energy.
You are resistant to electric shocks.
You can survive without breathing.
You are immune to petrification.
You are immune to rotting.


Message History

Casting: Sandblast
Confirm with . or Enter, or press ? or * to list all spells.
Aiming: Sandblast
Press: ? - help, Shift-Dir - straight line, f/p - orc
Aim: an orc, wielding a mace and wearing a chain mail (lightly wounded)
The blast of sand hits the orc.
The orc is lightly wounded.
The orc hits you with a mace.
* * * LOW HITPOINT WARNING * * *
Casting: Sandblast
Confirm with . or Enter, or press ? or * to list all spells.
Aiming: Sandblast
Press: ? - help, Shift-Dir - straight line, f/p - orc
Aim: an orc, wielding a mace and wearing a chain mail (lightly wounded)
The blast of sand hits the orc.
The orc is lightly wounded.
You hit the orc but do no damage.
The orc is lightly wounded.
The orc hits you with a mace.
You die...

####### #.....#
#.@...# #
####o....#
..######........#
#........##.....#
.........##.....#
.............####
............###
#######.#......
......#?.##.###


You could see an orc.

Vanquished Creatures
  An adder (D:2)
  3 gnolls (D:2)
  2 oozes (D:2)
  A dart slug (D:2)
  2 giant geckos
  A ball python (D:1)
  2 goblins
  11 hobgoblins
  A jackal (D:1)
  2 quokkas (D:2)
  5 bats
  3 giant newts
  2 kobolds
  5 rats
41 creatures vanquished.

Notes
Turn   | Place    | Note
--------------------------------------------------------------
     0 | D:1      | OTRawrior the Gargoyle Earth Elementalist began the quest for the Orb.
     0 | D:1      | Reached XP level 1. HP: 10/10 MP: 3/3
   366 | D:1      | Reached XP level 2. HP: 15/15 MP: 3/5
  1396 | D:2      | Reached XP level 3. HP: 19/19 MP: 2/7
  1420 | D:2      | Learned a level 3 spell: Stone Arrow
  1544 | D:2      | Reached skill level 4 in Earth Magic
  1716 | D:2      | Reached XP level 4. HP: 24/24 MP: 4/9
  2395 | D:3      | Slain by an orc

Skill      XL: |  1  2  3 |
---------------+----------+-----
Spellcasting   | 3 |  3.8
Earth Magic    | 4 |  4.4
Dodging        | |  1.5
Stealth        | |  2.1
Transmutations | |  0.7

Action                   |  1- 3 |  4- 6 || total
-------------------------+-------+-------++-------
Melee: Club              |     8 |       ||     8
       Dagger            |       |    18 ||    18
 Cast: Sandblast         |    46 |    36 ||    82
  Use: Scroll            |     1 |       ||     1
  Eat: Chunk             |     3 |     2 ||     5
Armor: Robe              |     7 |    13 ||    20
Dodge: Dodged            |    13 |    14 ||    27
